 Dungeon Crawl Stone Soup version 0.29-a0-824-gd827844252 (webtiles) character file.

Game seed: 1832863204786310768

975 Malachi the Magician (level 8, 0/50 HPs)
             Began as a Djinni Ice Elementalist on July 10, 2022.
             Was an Initiate of Makhleb.
             Slain by a centaur (2 damage)
             ... on level 6 of the Dungeon.
             The game lasted 00:06:29 (5744 turns).

Malachi the Magician (Djinni Ice Elementalist)      Turns: 5744, Time: 00:06:31

Health: 0/50       AC:  3    Str:  7    XL:     8   Next: 39%
Gold:   290        EV: 12    Int: 19    God:    Makhleb [......] SH:  0 Dex: 14

rFire   + . .      SeeInvis .   s - +3 flail (holy)
rCold   . . .      Faith    .   (no shield)
rNeg    + . .      Spirit   .   a - +0 robe
rPois   ∞          Reflect  .   b - +1 hat
rElec   .          Harm     .   (no cloak)
rCorr   .          Rampage  .   (no gloves)
Will    .....                   (boots unavailable)
Stlth   ++........              (no amulet)
HPRegen 0.16/turn               l - ring of ice
MPRegen 0.00/turn               u - ring of positive energy

@: flying
A: sickness immunity, fire resistance 2, cold vulnerability 1, float, innate
caster, HP casting, extra vitality 1
a: Renounce Religion


You were on level 6 of the Dungeon.
You worshipped Makhleb.
Makhleb was noncommittal.
You visited 1 branch of the dungeon, and saw 6 of its levels.

You collected 290 gold pieces.

Inventory:

Hand Weapons
 s - a +3 flail of holy wrath (weapon)
Armour
 a - a +0 robe (worn)
 b - a +1 hat (worn)
 q - a +3 ring mail
Jewellery
 l - a ring of ice (left hand)
 m - a ring of fire
 u - a ring of positive energy (right hand)
Wands
 j - a wand of flame (37)
Scrolls
 c - 2 scrolls of acquirement {unknown}
 d - a scroll of fog {unknown}
 g - 4 scrolls of identify {unknown}
 h - 2 scrolls of poison {unknown}
 n - a scroll of enchant weapon {unknown}
 o - a scroll of teleportation {unknown}
 p - a scroll of silence {unknown}
Potions
 e - 2 potions of mutation {unknown}
 f - 2 potions of cancellation {unknown}
 i - 4 potions of curing {unknown}
 k - 2 potions of heal wounds {unknown}
 r - 2 potions of degeneration {unknown}
 t - 2 potions of lignification {unknown}
 v - 2 potions of attraction {unknown}


   Skills:
 + Level 0.7 Maces & Flails
 - Level 2.1 Dodging
 - Level 1.5 Stealth
 - Level 0.1 Unarmed Combat
 * Level 7.7 Spellcasting


You had 5 spell levels left.
You knew the following spells:

 Your Spells              Type           Power      Damage    Failure   Level
a - Freeze                Ice            100%       1d11      1%          1
b - Frozen Ramparts       Ice            100%       1d12      1%          3
c - Ozocubu's Armour      Ice            53%        N/A       1%          3
d - Hailstorm             Conj/Ice       53%        3d12      3%          4
e - Foxfire               Conj/Fire      100%       2x1d9     1%          1
f - Passwall              Tmut/Erth      30%        N/A       1%          2
g - Spider Form           Tmut/Pois      36%        N/A       1%          3
Your spell library was empty.

Dungeon Overview and Level Annotations

Branches:
Dungeon (6/15)
 Temple: D:4-7

Altars:
Makhleb
Trog


Innate Abilities, Weirdness & Mutations

You are immune to sickness and miasma.
You are immune to poison.
Your flesh is very heat resistant. (rF++)
You are vulnerable to cold. (rC-)
You float through the air rather than walking.
You learn spells naturally, not from books.
Your magical power is your life essence.
You have superior vitality. (+4 MHP)


Message History

The kobold brigand closely misses you.
Aiming: Freeze (safe; 1% risk of failure)
Press: ? - help, Q - select action, (/) - cycle Shift-Dir - straight line, f/p - kobold brigand
Aim: a kobold brigand, wielding a +0 short sword of electrocution and quivering poisoned darts (lightly wounded)
You feel a surge of power!
You freeze the kobold brigand.
The kobold brigand is moderately wounded.
The kobold brigand hits you with a +0 short sword of electrocution.
Aiming: Freeze (safe; 1% risk of failure)
Press: ? - help, Q - select action, (/) - cycle Shift-Dir - straight line, f/p - kobold brigand
Aim: a kobold brigand, wielding a +0 short sword of electrocution and quivering poisoned darts (moderately wounded)
You feel a surge of power!
You freeze the kobold brigand!
The kobold brigand is heavily wounded.
The centaur shouts!
The centaur wields a +0 shortbow.
The centaur shoots an arrow.
The arrow hits you.
The kobold brigand hits you with a +0 short sword of electrocution!
Aiming: Freeze (safe; 1% risk of failure)
Press: ? - help, Q - select action, (/) - cycle Shift-Dir - straight line, f/p - kobold brigand
Aim: a kobold brigand, wielding a +0 short sword of electrocution and quivering poisoned darts (heavily wounded)
You feel a surge of power!
You freeze the kobold brigand!
The kobold brigand is almost dead.
The centaur shoots an arrow.
The arrow hits you! The kobold brigand barely misses you.
Aiming: Freeze (safe; 1% risk of failure)
Press: ? - help, Q - select action, (/) - cycle Shift-Dir - straight line, f/p - kobold brigand
Aim: a kobold brigand, wielding a +0 short sword of electrocution and quivering poisoned darts (almost dead)
You feel a surge of power!
You freeze the kobold brigand!
You kill the kobold brigand!
Makhleb accepts your kill.
The centaur shoots an arrow.
The arrow hits you!
* * * LOW HITPOINT WARNING * * *
Okay, then.
The centaur unwields a +0 shortbow.
The centaur hits you.
* * * LOW HITPOINT WARNING * * *
The centaur kicks you.
* * * LOW HITPOINT WARNING * * *
The centaur hits you.
* * * LOW HITPOINT WARNING * * *
The centaur kicks you.
You die...

#......#
#...... #.....
#....####++####
#....#........#
#....#..c.....#
#.†..#.@≈.≈≈..#
#....'..)♣.≈..+
#.<..'..≈.♣ ..+
#....#[.≈≈.≈..#
#....#........#
#...##........#
#...#####++####
#...# #...#


You could see a centaur.

Vanquished Creatures
  Sigmund (D:3)
  Edmund (D:4)
  A black bear (D:5)
  An ogre (D:5)
  A kobold brigand (D:6)
  A necrophage (D:5)
  A hound (D:5)
  A jelly (D:3)
  Jessica (D:2)
  Natasha (thrice) (D:3)
  3 gnolls (D:4)
  9 adders
  A shadow imp (D:4)
  A white imp (D:5)
  An ufetubus (D:5)
  A worm (D:3)
  A dart slug (D:2)
  4 orcs (D:3)
  8 ball pythons
  6 endoplasms
  5 giant cockroaches
  9 goblins
  3 hobgoblins
  5 jackals
  6 quokkas
  4 bats
  3 frilled lizards
  6 kobolds
  9 rats
97 creatures vanquished.

Vanquished Creatures (others)
  6 foxfires (D:4)
6 creatures vanquished.

Grand Total: 103 creatures vanquished

Notes
Turn   | Place    | Note
-------+----------+-------------------------------------------
     0 | D:1      | Malachi the Djinni Ice Elementalist began the quest for the
                  | Orb.
     0 | D:1      | Malachi set off with the following spells memorised:
                  | Freeze, Frozen Ramparts, Ozocubu's Armour, Hailstorm.
     0 | D:1      | Reached XP level 1. HP: 15/15 MP: 0/0
   171 | D:1      | Reached XP level 2. HP: 18/21 MP: 0/0
   705 | D:1      | Reached XP level 3. HP: 23/25 MP: 0/0
   705 | D:1      | Learned a level 1 spell: Foxfire
   956 | D:2      | Reached skill level 4 in Spellcasting
  1047 | D:2      | Noticed Jessica
  1056 | D:2      | Killed Jessica
  1057 | D:2      | Reached XP level 4. HP: 18/31 MP: 0/0
  1987 | D:2      | Reached XP level 5. HP: 34/35 MP: 0/0
  1987 | D:2      | Learned a level 2 spell: Passwall
  2263 | D:3      | You are sucked into a shaft and drop 1 floor!
  2397 | D:4      | Noticed Edmund
  2405 | D:4      | Killed Edmund
  2406 | D:4      | Reached skill level 5 in Spellcasting
  2406 | D:4      | Reached XP level 6. HP: 26/40 MP: 0/0
  3551 | D:3      | Found a bloodstained altar of Trog.
  3554 | D:3      | Reached skill level 6 in Spellcasting
  3620 | D:3      | Noticed Sigmund
  3629 | D:3      | Killed Sigmund
  3630 | D:3      | Reached XP level 7. HP: 24/45 MP: 0/0
  3630 | D:3      | Learned a level 3 spell: Spider Form
  4106 | D:3      | Noticed Natasha
  4109 | D:3      | Killed Natasha
  4526 | D:3      | Noticed Natasha
  4529 | D:3      | Killed Natasha
  4670 | D:3      | Noticed Natasha
  4676 | D:3      | Killed Natasha
  4725 | D:5      | Entered Level 5 of the Dungeon
  4773 | D:5      | Reached skill level 7 in Spellcasting
  4773 | D:5      | Reached XP level 8. HP: 47/50 MP: 0/0
  5108 | D:5      | Found a burning altar of Makhleb.
  5715 | D:5      | Became a worshipper of Makhleb the Destroyer
  5744 | D:6      | HP: 2/50 [centaur (4)]
  5744 | D:6      | Slain by a centaur

Illustrated notes

Levels and vault maps discovered:
D:1:      wander_arrival_peaceful_grave, layout_basic
D:2:      layout_loops_ring, minmay_misc_feat_five, fountainhead,
          grunt_ministairs_9, minmay_misc_feat_hallway, uniq_jessica
D:3:      layout_loops_ring, trog_three_pillars_becter, serial_bayou_ford_a,
          uniq_natasha, uniq_sigmund
D:4:      layout_cave_pools, uniq_edmund
D:5:      layout_loops_ring, mainiacjoe_overflow_surrounded_room,
          bloody_makhleb, serial_rivers, chequers_serial_rivers_marsh,
          chequers_serial_rivers_micro_c, chequers_serial_rivers_large_a,
          chequers_serial_rivers_micro_c, chequers_serial_rivers_large_b,
          chequers_serial_rivers_small_3, corexii_checkpoint_a
D:6:      layout_gridville, minmay_temple_entry_mini_moons,
          kennysheep_generic_room_4, uniq_crazy_yiuf_cottage, uniq_blork_the_orc

Skill      XL: |  1  2  3  4  5  6  7 |
---------------+----------------------+-----
Spellcasting   | 4 5 6 7 |  7.7
Maces & Flails | |  0.7
Dodging        | |  2.1
Stealth        | |  1.5
Unarmed Combat | |  0.1

Action                   |  1- 3 |  4- 6 |  7- 9 || total
-------------------------+-------+-------+-------++-------
Melee: Unarmed           |    11 |    11 |       ||    22
       Flail             |       |     1 |    19 ||    20
       Punch             |       |       |     2 ||     2
 Cast: Freeze            |    35 |    40 |    16 ||    91
       Frozen Ramparts   |     1 |    10 |     7 ||    18
       Foxfire           |       |     3 |       ||     3
       Ozocubu's Armour  |       |     4 |     2 ||     6
 Stab: Sleeping          |       |     1 |       ||     1
Armor: Robe              |    12 |    15 |     8 ||    35
Dodge: Dodged            |    24 |    29 |    35 ||    88

Table legend: (Time is in decaauts)
 A = Elapsed time spent in this place.
 B = Non-inter-level travel time spent in this place.
 C = Inter-level travel time spent in this place.
 D = Time resting spent in this place.
 E = Time spent auto-exploring this place.
 F = Levels seen in this place.
 G = Mean time per level.
                   A        B        C        D        E       F      G
               +--------+--------+--------+--------+--------+-----+--------+
         Total |   5751 |   5208 |    543 |    523 |   4018 |   6 |  958.5 |
       Dungeon |   5751 |   5208 |    543 |    523 |   4018 |   6 |  958.5 |
               +--------+--------+--------+--------+--------+-----+--------+

Top non-repeatable levels by time:
     D:3: 1646 daAuts
     D:4: 1071 daAuts
     D:2: 1056 daAuts
     D:5: 1005 daAuts
     D:1: 951 daAuts
     D:6: 18 daAuts
